 Dungeon Crawl Stone Soup version 0.26-a0-639-g72c4674 (webtiles) character file.

Game seed: 2805313933532296339

25 royokou the Ogre Mage (level 3, 0/31 HPs)
             Began as an Ogre Hedge Wizard on Sept 18, 2020.
             Slain by an ogre
             ... wielding a +0 giant club
              (31 damage)
             ... on level 2 of the Dungeon.
             The game lasted 00:05:45 (1315 turns).

royokou the Ogre Mage (Ogre Hedge Wizard)           Turns: 1315, Time: 00:05:45

Health: 0/31       AC:  3    Str: 14    XL:     3   Next: 6%
Magic:  1/8        EV: 10    Int: 16    God:
Gold:   69         SH:  0    Dex:  8    Spells: 2/10 levels left

rFire    . . .     SeeInvis .   g - +0 mace
rCold    . . .     Faith    .   (no shield)
rNeg     + . .     Spirit   .   b - +0 robe
rPois    .         Reflect  .   c - +0 hat
rElec    .         Harm     .   (no cloak)
rCorr    +         Rampage  .   (gloves unavailable)
MR       .....                  (boots unavailable)
Stlth    +.........             (no amulet)
HPRegen  0.10/turn              n - ring of resist corrosion (curse)
MPRegen  0.11/turn              o - ring of positive energy

@: very slightly contaminated
A: large, unfitting armour, tough skin 1
a: no special abilities


You were on level 2 of the Dungeon.
You visited 1 branch of the dungeon, and saw 2 of its levels.

You collected 69 gold pieces.

Inventory:

Hand Weapons
 a - a +0 dagger
 g - a +0 mace (weapon)
 j - a +0 spear
Armour
 b - a +0 robe (worn)
 c - a +0 hat (worn)
 k - a +0 leather armour
Jewellery
 n - a cursed ring of resist corrosion (left hand)
 o - a ring of positive energy (right hand)
Scrolls
 d - 5 scrolls of identify {unknown}
 e - a scroll of enchant weapon {unknown}
 f - a scroll of fear {unknown}
 h - a scroll of amnesia {unknown}
 i - a scroll of remove curse {unknown}
 m - a scroll of magic mapping {unknown}
Potions
 l - 2 potions of might {unknown}


   Skills:
 - Level 1.7 Dodging
 - Level 1.4 Stealth
 + Level 4.0 Spellcasting
 * Level 2.0 Conjurations
 + Level 1.1 Summonings
 + Level 1.1 Translocations
 + Level 0.0 Air Magic
 + Level 0.0 Poison Magic


You had 2 spell levels left.
You knew the following spells:

 Your Spells              Type           Power        Failure   Level
a - Magic Dart            Conj           #...         8%          1
b - Blink                 Tloc           N/A          16%         2
c - Call Imp              Summ           #.......     16%         2
d - Mephitic Cloud        Conj/Pois/Air  #.......     36%         3

Your spell library contained the following spells:

 Spells                   Type           Power        Failure   Level
 Slow                     Hex            #.......     26%         2
 Conjure Flame            Conj/Fire      #.......     32%         3


Dungeon Overview and Level Annotations

Branches:
Dungeon (2/15)

Altars:


Innate Abilities, Weirdness & Mutations

You are too large for most types of armour.
You have tough skin. (AC +1)


Message History

The ogre shouts!
Casting: Call Imp (safe; 16% risk of failure)
Confirm with . or Enter, or press ? or * to list all spells.
A beastly little devil appears in a puff of flame.
Casting: Call Imp (safe; 16% risk of failure)
Confirm with . or Enter, or press ? or * to list all spells.
A beastly little devil appears in a puff of flame.
Your crimson imp hits the ogre.
Casting: Call Imp (safe; 16% risk of failure)
Confirm with . or Enter, or press ? or * to list all spells.
Aiming: Magic Dart (safe; 8% risk of failure)
Press: ? - help, Shift-Dir - straight line, f - ogre
Aim: an ogre, wielding a +0 giant club (lightly wounded)
The magic dart hits the ogre.
The ogre is moderately wounded.
The frilled lizard hisses.
The frilled lizard closely misses your crimson imp.
The ogre hits you with a +0 giant club!!
Ouch! That really hurt!
You die...

# ...# ##. ...#
..####... ##
....... ...
..... .... #
5.. .....
.####.#O#...#
..?....@5l..#
......#.#......
..... #.# #.###
#### #.# .# #..
###


You could see an ogre, a frilled lizard and 2 friendly crimson imps.

Vanquished Creatures
  A dart slug (D:1)
  A leopard gecko (D:1)
  A giant cockroach (D:1)
  3 goblins (D:1)
  5 hobgoblins (D:1)
  7 bats (D:1)
  A frilled lizard (D:1)
  A kobold (D:1)
  3 rats (D:1)
23 creatures vanquished.

Vanquished Creatures (others)
  10 plants (D:1)
10 creatures vanquished.

Grand Total: 33 creatures vanquished

Notes
Turn   | Place    | Note
-------+----------+-------------------------------------------
     0 | D:1      | royokou the Ogre Hedge Wizard began the quest for the Orb.
     0 | D:1      | Reached XP level 1. HP: 16/16 MP: 5/5
    25 | D:1      | Reached skill level 1 in Conjurations
   231 | D:1      | Reached XP level 2. HP: 24/24 MP: 0/6
   709 | D:1      | Learned a level 2 spell: Blink
   712 | D:1      | Learned a level 2 spell: Call Imp
   855 | D:1      | Reached skill level 1 in Summonings
   855 | D:1      | Reached skill level 1 in Translocations
  1138 | D:1      | Reached skill level 4 in Spellcasting
  1138 | D:1      | Reached XP level 3. HP: 31/31 MP: 1/8
  1292 | D:1      | Learned a level 3 spell: Mephitic Cloud
  1311 | D:2      | Noticed an ogre
  1315 | D:2      | Slain by an ogre

Illustrated notes

Levels and vault maps discovered:
D:1:      roderic_crop_circles_arrival_small, layout_basic,
          minmay_tiny_reverse_x
D:2:      layout_loops_ring, grunt_ministairs_10, minmay_split_cup_small

Skill      XL: |  1  2 |
---------------+-------+-----
Conjurations   | 1 2 |  2.0
Summonings     | 1 |  1.1
Translocations | 1 |  1.1
Spellcasting   | 4 |  4.0
Dodging        | |  1.7
Stealth        | |  1.4

Action                   || total
-------------------------++-------
Melee: Dagger            ||     7
       Mace              ||    22
 Cast: Magic Dart        ||    44
       Call Imp          ||     2
 Stab: Sleeping          ||     1
Armor: Robe              ||    10
Dodge: Dodged            ||    23

Table legend: (Time is in decaauts)
 A = Elapsed time spent in this place.
 B = Non-inter-level travel time spent in this place.
 C = Inter-level travel time spent in this place.
 D = Time resting spent in this place.
 E = Time spent auto-exploring this place.
 F = Levels seen in this place.
 G = Mean time per level.
                   A        B        C        D        E       F      G
               +--------+--------+--------+--------+--------+-----+--------+
         Total |   1322 |   1263 |     59 |      0 |   1007 |   2 |  661.0 |
       Dungeon |   1322 |   1263 |     59 |      0 |   1007 |   2 |  661.0 |
               +--------+--------+--------+--------+--------+-----+--------+

Top non-repeatable levels by time:
     D:1: 1318 daAuts
     D:2: 3 daAuts
